 Dungeon Crawl Stone Soup version 0.23.2-11-gf996548c65 (webtiles) character file.

Game seed: 10760815244142569476

112 OfficialHLT the Cudgeler (level 4, -1/41 HPs)
             Began as a Minotaur Berserker on June 7, 2019.
             Was a Believer of Trog.
             Killed from afar by an orc wizard (8 damage)
             ... with a puff of flame
             ... on level 3 of the Dungeon.
             The game lasted 00:17:59 (1734 turns).

OfficialHLT the Cudgeler (Minotaur Berserker)       Turns: 1734, Time: 00:17:59

Health: -1/41      AC:  5    Str: 23    XL:     4   Next: 63%
Magic:  3/3        EV: 11    Int:  4    God:    Trog [**....]
Gold:   114        SH:  0    Dex:  9    Spells: 3/3 levels left

rFire    . . .     SeeInvis .   a - +0 mace
rCold    . . .     Gourm    .   (no shield)
rNeg     . . .     Faith    .   j - +0 ring mail
rPois    .         Spirit   .   (helmet restricted)
rElec    .         Reflect  .   (no cloak)
rCorr    .         Harm     .   (no gloves)
MR       .....                  (no boots)
Stlth    ..........             (no amulet)
HPRegen  0.13/turn              (no ring)
MPRegen  0.08/turn              (no ring)

@: no status effects
A: retaliatory headbutt, horns 2
a: Berserk, Trog's Hand, Renounce Religion


You were on level 3 of the Dungeon.
You worshipped Trog.
Trog was pleased with you.
You were not hungry.

You visited 1 branch of the dungeon, and saw 3 of its levels.

You collected 114 gold pieces.

Inventory:

Hand Weapons
 a - a +0 mace (weapon)
 o - a +0 hunting sling
 s - a cursed -2 mace
Missiles
 l - 106 stones (quivered)
Armour
 b - a +0 animal skin
 d - a +0 leather armour
 j - a +0 ring mail (worn)
 q - a +0 plate armour
 v - a +0 chain mail
Scrolls
 e - 2 scrolls of remove curse {unknown}
 g - 2 scrolls of blinking {unknown}
 h - a scroll of fog {unknown}
 n - 4 scrolls of identify {unknown}
 t - 2 scrolls of enchant armour {unknown}
Potions
 i - a potion of flight {unknown}
 k - a potion of magic {unknown}
 m - a potion of heal wounds {unknown}
 p - a potion of mutation {unknown}
 r - a potion of berserk rage {unknown}
 u - a potion of lignification {unknown}
Comestibles
 c - 3 rations
 f - 2 chunks of flesh


   Skills:
 + Level 4.8 Fighting
 + Level 4.9 Maces & Flails
 + Level 0.1 Throwing
 + Level 3.6 Armour
 - Level 2.3 Dodging


You had 3 spell levels left.
You didn't know any spells.
Your spell library was empty.

Dungeon Overview and Level Annotations

Branches:
Dungeon (3/15)

Altars:


Innate Abilities, Weirdness & Mutations

You reflexively headbutt those who attack you in melee.
You have a pair of horns on your head.


Message History

You see here a +0 club.
You sock the orc wizard! You headbutt the orc wizard.
The orc wizard is almost dead.
The orc wizard casts a spell.
The orc wizard flickers and vanishes!
Deactivating autopickup; reactivate with Ctrl-A.
Something hits you but does no damage. Something hits you but does no damage.
A magic dart appears from out of thin air!
The magic dart hits you.
A puff of frost appears from out of thin air!
The puff of frost hits you!
* * * LOW HITPOINT WARNING * * *
A magic dart appears from out of thin air!
The magic dart hits you.
* * * LOW HITPOINT WARNING * * *
There is a stone staircase leading up here.
A puff of flame appears from out of thin air!
The puff of flame hits you!
You die...

... ... #...#.###
... #...#... ..#
#...#..# ###
#...#..#
#######...+..#
#.....#...#.#
#...........#####
##..............@#
)........#......##
####.....#.#>...+
# #.....#.#....# #
#.#####.#....# #
#.# #.#....# # #.#
#.#....# #.#
#.###### #.#####.#


There were no monsters in sight!

Vanquished Creatures
  A crimson imp (D:2)
  A shadow imp (D:2)
  3 worms (D:2)
  2 dart slugs
  An orc (D:3)
  A ball python (D:2)
  8 bats
  A giant cockroach (D:2)
  7 goblins
  8 hobgoblins
  3 jackals (D:2)
  3 kobolds
  4 frilled lizards
  13 rats
56 creatures vanquished.

Notes
Turn   | Place    | Note
-------+----------+-------------------------------------------
     0 | D:1      | OfficialHLT the Minotaur Berserker began the quest for the
                  | Orb.
     0 | D:1      | Reached XP level 1. HP: 19/19 MP: 0/0
   129 | D:1      | Reached XP level 2. HP: 17/27 MP: 1/1
   753 | D:2      | Reached XP level 3. HP: 33/33 MP: 2/2
   857 | D:2      | Reached ** piety under Trog
  1385 | D:2      | Reached XP level 4. HP: 41/41 MP: 3/3
  1734 | D:3      | Killed from afar by an orc wizard

Skill      XL: |  1  2  3 |
---------------+----------+-----
Maces & Flails | 4 |  4.9
Fighting       | 4 |  4.8
Armour         | 3 |  3.6
Throwing       | |  0.1
Dodging        | |  2.3

Action                   |  1- 3 |  4- 6 || total
-------------------------+-------+-------++-------
Melee: Mace              |    98 |    34 ||   132
       Headbutt          |    10 |     4 ||    14
Throw: Stone             |       |     7 ||     7
Invok: Berserk           |     1 |       ||     1
  Eat: Chunk             |     2 |     2 ||     4
Armor: Animal skin       |     5 |       ||     5
       Ring mail         |    36 |    15 ||    51
Dodge: Dodged            |    54 |    14 ||    68
